[Event "FIDE World Rapid Chess Championship 2021"]
[White "Sargissian, Gabriel"]
[Black "Sanal, Vahap"]
[WhiteFideId "13300881"]
[BlackFideId "6300545"]
[WhiteElo "2693"]
[BlackElo "2509"]
[Result "1/2-1/2"]
[Round "02"]
[TimeControl "900+10"]
[Date "2021.12.26"]
[WhiteClock "23:59:47"]
[BlackClock "0:01:51"]

1. d4 Nf6 2. c4 e6 3. Nf3 b6 4. g3 Bb7 5. Bg2 Be7 6. O-O O-O 7. h4 Na6 8. Nc3 Ne4 9. Nxe4 Bxe4 10. Ng5 Bxg2 11. Kxg2 h6 12. Nh3 d5 13. Qa4 Qc8 14. cxd5 exd5 15. Nf4 Rd8 16. Qb3 Qf5 17. Rd1 Nb4 18. Be3 c5 19. dxc5 bxc5 20. Bd2 Nc2 21. Rac1 Nd4 22. Qd3 Qxd3 23. exd3 Rac8 24. Bc3 Nc6 25. b3 a5 26. Bd2 a4 27. bxa4 Ra8 28. a5 Nxa5 29. Bxa5 Rxa5 30. Rc2 Ra3 31. Ne2 Rda8 32. Nc3 d4 33. Nd5 Bf8 34. Nb6 Rxa2 35. Rxa2 Rxa2 36. Nc4 h5 37. Rb1 Ra8 38. Rb7 Re8 39. Rd7 Re1 40. f4 Re8 41. Ne5 Be7 42. Rd5 g6 43. Rd7 Kf8 44. Kf3 Ra8 45. Rb7 Ke8 46. Ke4 Kf8 47. Nc6 Bf6 48. Rb8+ Rxb8 49. Nxb8 Bd8 50. Nd7+ Ke7 51. Nxc5 Ba5 52. Nb3 Be1 53. Kf3 Bc3 54. f5 gxf5 55. Nc1 Bd2 56. Nb3 Be3 57. Na1 Bd2 58. Nb3 Bc3 59. Nc1 Bd2 60. Nb3 Be3 61. Na1 Bc1 62. Nb3 Bb2 63. Kf4 Kf6 64. Na5 Bc1+ 65. Kf3 Ke6 66. Nc6 Be3 67. Nd8+ Ke7 68. Nc6+ Kf6 69. Nb4 Ke6 70. Nc2 Bg1 71. Kg2 Be3 72. Nxe3 dxe3 73. Kf3 f4 74. gxf4 Kd5 75. Kxe3 f5 76. Ke2 Kc5 77. Kd1 Kd5 78. Kc2 Kc5 79. Kc3 Kd5 80. d4 Ke4 81. Kc4 Kxf4 82. d5 Kg3 83. d6 f4 84. d7 f3 85. d8=Q f2 86. Qf6 Kg2 87. Kd4 f1=Q 88. Qxf1+ Kxf1 89. Ke4 1/2-1/2


[Site "http://www.Chess.com"]

[Event "FIDE World Rapid Chess Championship 2021"]
[White "Puranik, Abhimanyu"]
[Black "Korobov, Anton"]
[WhiteFideId "5061245"]
[BlackFideId "14105730"]
[WhiteElo "2472"]
[BlackElo "2689"]
[Result "0-1"]
[Round "02"]
[TimeControl "900+10"]
[Date "2021.12.26"]
[WhiteClock "0:00:12"]
[BlackClock "0:01:34"]

1. d4 Nf6 2. Nf3 e6 3. Bf4 b6 4. e3 Bb7 5. c3 d5 6. Nbd2 Bd6 7. Bd3 Nbd7 8. Ne5 O-O 9. h4 Ne4 10. h5 f5 11. Nxd7 Qxd7 12. Nf3 Bxf4 13. exf4 c5 14. h6 g6 15. g3 Qd6 16. Kf1 c4 17. Bxe4 dxe4 18. Ne5 b5 19. Kg2 Bd5 20. a4 b4 21. a5 bxc3 22. bxc3 Rab8 23. Re1 e3+ 24. f3 Rb2+ 25. Re2 Rfb8 26. Kg1 Qf8 27. Rxb2 Rxb2 28. Qc1 Rd2 29. Qb1 e2 30. Qe1 Rc2 31. Rc1 Rxc1 32. Qxc1 Qxh6 33. Kg2 Qf8 34. Kf2 Qh6 35. Kg2 Qf8 36. Kf2 Qh6 37. Qg1 g5 38. Kxe2 g4 39. fxg4 fxg4 40. Ke3 Qh3 41. Kf2 Kg7 42. Qe1 Qh2+ 43. Ke3 h5 44. f5 h4 45. f6+ Kf8 46. Ng6+ Kf7 47. Nxh4 Kxf6 48. Kf4 Qa2 49. Kxg4 Qxa5 50. Qf2+ Kg7 51. Qe3 Qc7 52. Qg5+ Kf8 53. Ng6+ Ke8 54. Ne5 Qh7 55. Qf6 a5 56. Kf4 a4 57. g4 a3 58. g5 Qf5+ 0-1


[Site "http://www.Chess.com"]

[Event "FIDE World Rapid Chess Championship 2021"]
[White "Narayanan.S.L, "]
[Black "Saric, Ivan"]
[WhiteFideId "5058422"]
[BlackFideId "14508150"]
[WhiteElo "2482"]
[BlackElo "2684"]
[Result "1/2-1/2"]
[Round "02"]
[TimeControl "900+10"]
[Date "2021.12.26"]
[WhiteClock "0:04:06"]
[BlackClock "0:02:37"]

1. e4 c5 2. Ne2 d6 3. g3 d5 4. Bg2 dxe4 5. Bxe4 Nf6 6. Bg2 e5 7. Nbc3 Be7 8. d3 O-O 9. O-O h6 10. f4 Nc6 11. h3 Re8 12. Be3 exf4 13. Nxf4 Nd4 14. Qd2 a5 15. Rae1 Ra6 16. Ncd5 Nxd5 17. Nxd5 Bf8 18. c3 Nf5 19. Bf4 Rxe1 20. Rxe1 Re6 21. Rf1 Bd6 22. Qf2 Bxf4 23. Qxf4 Re2 24. Rf2 Rxf2 25. Qxf2 Be6 26. Nf4 Bxa2 27. Bxb7 g5 28. Be4 gxf4 29. Bxf5 fxg3 30. Qxg3+ Qg5 31. Kf2 Kg7 32. Qe5+ Qf6 33. Qg3+ Qg5 34. Qe5+ Qf6 35. Qg3+ Qg5 36. Qe5+ 1/2-1/2


[Site "http://www.Chess.com"]

[Event "FIDE World Rapid Chess Championship 2021"]
[White "Sarana, Alexey"]
[Black "Gajewski, Grzegorz"]
[WhiteFideId "24133795"]
[BlackFideId "1116207"]
[WhiteElo "2680"]
[BlackElo "2496"]
[Result "1-0"]
[Round "02"]
[TimeControl "900+10"]
[Date "2021.12.26"]
[WhiteClock "0:03:10"]
[BlackClock "0:01:26"]

1. d4 Nf6 2. c4 e6 3. Nc3 Bb4 4. e3 O-O 5. Bd3 d5 6. a3 Bxc3+ 7. bxc3 dxc4 8. Bxc4 c5 9. Ne2 Qc7 10. Bd3 Nc6 11. O-O e5 12. Ng3 Re8 13. f4 e4 14. Be2 Na5 15. f5 b6 16. Bd2 Bb7 17. c4 cxd4 18. Bxa5 bxa5 19. exd4 Rad8 20. d5 Qc5+ 21. Kh1 Ba6 22. Rc1 Rb8 23. Qa4 Kf8 24. Nh5 Nxh5 25. Bxh5 Rb6 26. h3 e3 27. f6 gxf6 28. Qc2 Kg7 29. Rf4 Re5 30. Rg4+ Rg5 31. Rxg5+ fxg5 32. Qf5 f6 33. Qd7+ Kh6 34. Be2 Qd4 35. Qxa7 Qb2 36. Re1 Qd2 37. Rg1 Rd6 38. Qe7 Rb6 39. c5 1-0


[Site "http://www.Chess.com"]

[Event "FIDE World Rapid Chess Championship 2021"]
[White "Svane, Rasmus"]
[Black "Janik, Igor"]
[WhiteFideId "4657101"]
[BlackFideId "1159259"]
[WhiteElo "2677"]
[BlackElo "2462"]
[Result "1-0"]
[Round "02"]
[TimeControl "900+10"]
[Date "2021.12.26"]
[WhiteClock "0:01:12"]
[BlackClock "0:00:26"]

1. Nf3 Nf6 2. g3 g6 3. Bg2 d5 4. c4 c6 5. b3 Bg7 6. Bb2 O-O 7. O-O Bg4 8. d3 Nbd7 9. h3 Bxf3 10. Bxf3 a5 11. a3 e6 12. Nd2 Qb6 13. Qc2 Rfc8 14. Rfc1 Ne8 15. Bxg7 Nxg7 16. Rab1 Nf5 17. e3 Qd8 18. Bg2 h5 19. Qc3 Qe7 20. b4 axb4 21. axb4 Qd6 22. Nb3 Ra2 23. c5 Qc7 24. Rc2 Rca8 25. Qd2 R2a3 26. Na5 Ne5 27. Rc3 Rxc3 28. Qxc3 g5 29. e4 dxe4 30. dxe4 Ng7 31. Nxb7 h4 32. Nd6 Ng6 33. b5 hxg3 34. fxg3 cxb5 35. Rxb5 Rb8 36. Rxb8+ Qxb8 37. Qf6 Qa7 38. Qxg5 f6 39. Qc1 Ne5 40. Kh2 Nh5 41. Qc3 Kf8 42. Nb5 Qa6 43. Nd4 Ke7 44. c6 Qc8 45. Qc5+ Kf7 46. Qa7+ Kg6 47. c7 Qd7 48. Qc5 Qc8 49. Qd6 Nf7 50. Qe7 Qb7 51. Nxe6 Qb3 52. Nf4+ Nxf4 53. gxf4 Qc3 54. Qd7 1-0


[Site "http://www.Chess.com"]

[Event "FIDE World Rapid Chess Championship 2021"]
[White "Sadhwani, Raunak"]
[Black "Paravyan, David"]
[WhiteFideId "35093487"]
[BlackFideId "4194985"]
[WhiteElo "2454"]
[BlackElo "2671"]
[Result "0-1"]
[Round "02"]
[TimeControl "900+10"]
[Date "2021.12.26"]
[WhiteClock "0:01:36"]
[BlackClock "0:00:55"]

1. c4 Nf6 2. Nf3 c5 3. Nc3 d5 4. cxd5 Nxd5 5. g3 Nc6 6. Bg2 Nc7 7. O-O e5 8. a3 Bd7 9. Rb1 a5 10. d3 Be7 11. Be3 O-O 12. Rc1 Rb8 13. Nd2 b6 14. Nc4 Re8 15. f4 Bf8 16. fxe5 Nxe5 17. Nxe5 Rxe5 18. Bf4 Re6 19. Qb3 a4 20. Qa2 Rc8 21. Rf2 Nb5 22. Nxb5 Bxb5 23. Bd5 Bd7 24. Rcf1 c4 25. d4 b5 26. Qb1 Qb6 27. e3 Rf6 28. Be5 Rxf2 29. Rxf2 Be6 30. Be4 g6 31. Bf6 Re8 32. Bg2 Qd6 33. Be5 Qd7 34. e4 Bh3 35. Bxh3 Qxh3 36. Qd1 Qd7 37. Qf3 Rxe5 38. dxe5 Bc5 39. Qf6 h5 40. Kg2 Bxf2 41. Qxf2 Qd3 42. Qf4 Qe2+ 43. Kg1 Qxb2 44. e6 fxe6 45. Qb8+ Kh7 46. e5 Qc1+ 47. Kg2 Qc2+ 48. Kg1 Qd1+ 49. Kg2 Qd2+ 50. Kh3 Qd7 51. Qd6 Qf7 52. Qc5 Kh6 53. Kg2 Qb7+ 54. Kf2 Kg7 55. h4 Kf7 56. Ke2 Qd7 57. Ke3 g5 58. hxg5 Kg6 59. Qd6 Qe8 60. Qd2 Qe7 61. Qd6 Qxg5+ 62. Kd4 Kf5 63. Kc5 Qxg3 64. Qf8+ Ke4 65. Qa8+ Kd3 66. Qd8+ Kc2 67. Qd6 Qxa3+ 68. Kc6 Qf3+ 69. Kxb5 Qb3+ 70. Kc6 c3 71. Qd4 a3 0-1


[Site "http://www.Chess.com"]

[Event "FIDE World Rapid Chess Championship 2021"]
[White "Kantor, Gergely"]
[Black "Demchenko, Anton"]
[WhiteFideId "751499"]
[BlackFideId "4160258"]
[WhiteElo "2454"]
[BlackElo "2666"]
[Result "1/2-1/2"]
[Round "02"]
[TimeControl "900+10"]
[Date "2021.12.26"]
[WhiteClock "0:00:25"]
[BlackClock "0:00:34"]

1. d4 Nf6 2. c4 g6 3. Nc3 Bg7 4. e4 d6 5. Be2 Nbd7 6. Nf3 O-O 7. O-O e5 8. Be3 c6 9. d5 Qe7 10. Nd2 h5 11. h3 c5 12. a3 b6 13. b4 Ne8 14. bxc5 Nxc5 15. Nb3 f5 16. Nxc5 bxc5 17. exf5 gxf5 18. Bxh5 f4 19. Bd2 Bf5 20. Bg4 Bh7 21. Re1 Nf6 22. Be6+ Kh8 23. g4 fxg3 24. fxg3 Rab8 25. Bg5 Qe8 26. Nb5 Qg6 27. h4 Ne4 28. Qg4 a6 29. Rxe4 axb5 30. Rae1 Bf6 31. cxb5 Bxg5 32. hxg5 Rxb5 33. R4e2 Rb3 34. Rh2 Rff3 35. Kh1 Rbe3 36. Rg1 Kg7 37. Rh6 Qe4 38. Qxe4 Bxe4 39. Kh2 Rxa3 40. Re1 Rfe3 41. Rxe3 Rxe3 42. Rf6 c4 43. Kh3 c3 44. Rf7+ Kg6 45. Kg4 Bf3+ 46. Kh4 c2 47. Rf6+ Kg7 48. Rf7+ Kg6 49. Rf6+ Kg7 50. Rf7+ 1/2-1/2


[Site "http://www.Chess.com"]

[Event "FIDE World Rapid Chess Championship 2021"]
[White "Martirosyan, Haik M."]
[Black "Firouzja, Alireza"]
[WhiteFideId "13306553"]
[BlackFideId "12573981"]
[WhiteElo "2377"]
[BlackElo "2656"]
[Result "0-1"]
[Round "02"]
[TimeControl "900+10"]
[Date "2021.12.26"]
[WhiteClock "0:00:29"]
[BlackClock "0:00:28"]

1. d4 Nf6 2. c4 g6 3. Nf3 Bg7 4. g3 O-O 5. Bg2 d5 6. cxd5 Nxd5 7. O-O Nb6 8. Nc3 Nc6 9. d5 Na5 10. Qc2 Nxd5 11. Rd1 c6 12. e4 Nb4 13. Qa4 b5 14. Qxb4 Bxc3 15. Qxc3 Qxd1+ 16. Ne1 b4 17. Qxb4 Nb7 18. Bf3 c5 19. Qc3 Qd4 20. Qc2 Be6 21. Be3 Qc4 22. Qxc4 Bxc4 23. e5 Rab8 24. b3 Ba6 25. Bg5 Rfe8 26. Bc6 Rec8 27. Bd7 Rc7 28. e6 fxe6 29. Bxe6+ Kg7 30. Bf4 Nd6 31. Be5+ Kf8 32. Nf3 h6 33. Nh4 Bd3 34. Rd1 c4 35. Kg2 g5 36. Nf3 Be4 37. Rxd6 exd6 38. Bxd6+ Re7 39. Bxc4 Rd8 40. Bxe7+ Kxe7 41. g4 h5 42. h3 h4 43. Be2 Rf8 44. b4 Rf4 45. b5 Kd6 46. a4 Kc5 47. a5 Bxf3+ 0-1


[Site "http://www.Chess.com"]

[Event "FIDE World Rapid Chess Championship 2021"]
[White "Matlakov, Maxim"]
[Black "Gumularz, Szymon"]
[WhiteFideId "4168003"]
[BlackFideId "1188062"]
[WhiteElo "2652"]
[BlackElo "2452"]
[Result "1-0"]
[Round "02"]
[TimeControl "900+10"]
[Date "2021.12.26"]
[WhiteClock "0:02:26"]
[BlackClock "0:00:53"]

1. d4 Nf6 2. c4 e6 3. Nf3 d5 4. g3 Bb4+ 5. Bd2 Be7 6. Bg2 O-O 7. O-O Nbd7 8. c5 c6 9. Nc3 Ne4 10. Nxe4 dxe4 11. Ne5 Nxe5 12. dxe5 Qd5 13. Bc3 Qxc5 14. Bxe4 Rd8 15. Qc2 h6 16. Rfd1 Bd7 17. Bh7+ Kh8 18. Bd3 Be8 19. Qa4 Bf8 20. h4 g6 21. h5 Bg7 22. hxg6 fxg6 23. Qf4 Qe7 24. Kg2 c5 25. Rh1 Bc6+ 26. Be4 g5 27. Qg4 Bxe4+ 28. Qxe4 Qd7 29. Qg6 Rf8 30. Qxg5 Rf5 31. Qe3 Raf8 32. f3 Kg8 33. Rad1 Qb5 34. Rd6 Qe8 35. Qxc5 Qg6 36. Qc4 Bxe5 37. Qxe6+ Qxe6 38. Rxe6 Bxc3 39. bxc3 h5 40. Rh6 Ra5 41. R1xh5 Rxa2 42. Rh8+ Kg7 43. R5h7+ Kg6 44. Rxf8 Kxh7 45. Rf7+ Kg6 46. Rxb7 Rxe2+ 47. Kh3 Re3 48. Kg4 a5 49. Ra7 Re5 50. f4 Rc5 51. Ra6+ Kg7 52. f5 Kf7 53. Kf4 Rc4+ 54. Kg5 Rxc3 55. Ra7+ Kf8 56. g4 Rc5 57. Kg6 1-0


[Site "http://www.Chess.com"]

[Event "FIDE World Rapid Chess Championship 2021"]
[White "Howell, David W L"]
[Black "Heberla, Bartlomiej"]
[WhiteFideId "410608"]
[BlackFideId "1115120"]
[WhiteElo "2624"]
[BlackElo "2437"]
[Result "0-1"]
[Round "02"]
[TimeControl "900+10"]
[Date "2021.12.26"]
[WhiteClock "0:00:27"]
[BlackClock "0:03:43"]

1. Nf3 d5 2. g3 Nf6 3. Bg2 e6 4. c4 d4 5. O-O Nc6 6. d3 Bc5 7. Nbd2 O-O 8. Nb3 Be7 9. e3 dxe3 10. Bxe3 e5 11. h3 Re8 12. Re1 a5 13. a3 Bf5 14. d4 a4 15. Nc5 Bxc5 16. dxc5 Qxd1 17. Raxd1 Na5 18. Nd2 Rad8 19. g4 Bd3 20. Bg5 h6 21. Bxf6 gxf6 22. Be4 Bxc4 23. Nxc4 Nxc4 24. Bxb7 Nxb2 25. Rxd8 Rxd8 26. Bc6 Rd3 27. Rb1 Rd2 28. Kf1 Nd3 29. Rb8+ Kg7 30. Rd8 Rxf2+ 31. Kg1 Rd2 32. Rd7 f5 33. gxf5 Kf6 34. Rxc7 Nxc5 35. Be8 Ne4 36. Rxf7+ Kg5 37. Rg7+ Kxf5 38. Bxa4 Ng5 39. Kf1 Kf4 40. Bb5 e4 41. h4 Nf3 42. Be2 Nd4 43. Rg4+ Ke3 44. Rg3+ Nf3 45. Rg2 Ra2 46. Rf2 Ra1+ 0-1


[Site "http://www.Chess.com"]

[Event "FIDE World Rapid Chess Championship 2021"]
[White "Santos Latasa, Jaime"]
[Black "Peng, Li Min"]
[WhiteFideId "2293307"]
[BlackFideId "14112620"]
[WhiteElo "2618"]
[BlackElo "2411"]
[Result "1-0"]
[Round "02"]
[TimeControl "900+10"]
[Date "2021.12.26"]
[WhiteClock "0:00:44"]
[BlackClock "0:00:00"]

1. e4 Nc6 2. Nf3 d5 3. exd5 Qxd5 4. Nc3 Qh5 5. Nb5 Kd8 6. d4 Bg4 7. Bf4 a6 8. Nc3 Bxf3 9. Qxf3 Qxf3 10. gxf3 Nf6 11. O-O-O g6 12. Bc4 Nh5 13. Bg5 f6 14. Be3 f5 15. Rhe1 Bg7 16. Na4 Kc8 17. Nc5 f4 18. Be6+ Kb8 19. Bd2 Bxd4 20. Nd3 Rd8 21. c3 Bb6 22. Kc2 Ka7 23. b4 Rd6 24. a4 Rad8 25. Bc1 Be3 26. fxe3 Rxe6 27. e4 Ne5 28. Nxe5 Rxd1 29. Rxd1 Rxe5 30. Rd7 Kb6 31. h4 Kc6 32. Rd8 b6 33. c4 Nf6 34. Bxf4 Rh5 35. Rc8 e5 36. Bg5 Nd7 37. Bd8 Kd6 38. Bxc7+ Ke6 39. Bd8 h6 40. Kd3 g5 41. hxg5 hxg5 42. Bxb6 Rh3 43. Rc6+ Ke7 44. Ke2 g4 45. fxg4 Nf6 46. Bd8+ 1-0


[Site "http://www.Chess.com"]

[Event "FIDE World Rapid Chess Championship 2021"]
[White "Hovhannisyan, Robert"]
[Black "Thybo, Jesper Sondergaard"]
[WhiteFideId "13302507"]
[BlackFideId "1438832"]
[WhiteElo "2613"]
[BlackElo "2401"]
[Result "1-0"]
[Round "02"]
[TimeControl "900+10"]
[Date "2021.12.26"]
[WhiteClock "0:00:54"]
[BlackClock "0:00:43"]

1. e4 e5 2. Nf3 Nc6 3. Bb5 Nf6 4. O-O Nxe4 5. d4 Nd6 6. Bxc6 dxc6 7. dxe5 Nf5 8. Qxd8+ Kxd8 9. Rd1+ Ke8 10. Nc3 a5 11. a4 Bb4 12. Ne2 h6 13. h3 Be7 14. g4 Nh4 15. Nxh4 Bxh4 16. Kg2 Be7 17. Be3 g5 18. Nd4 f6 19. exf6 Bxf6 20. Rd3 Kf7 21. Rad1 Rd8 22. b3 Kg6 23. f3 Re8 24. Bf2 Re7 25. R1d2 Bd7 26. Ne2 Be6 27. h4 Rae8 28. h5+ Kf7 29. Bc5 Bf5 30. Bxe7 Bxd3 31. Rxd3 Bxe7 32. Rd7 Rc8 33. Ng3 Ke6 34. Rd2 Bb4 35. Re2+ Kd5 36. Nf5 Bf8 37. Re4 b5 38. Kf2 Rb8 39. Ke2 Ra8 40. Kd3 Rb8 41. Rd4+ Ke5 42. Re4+ Kd5 43. Kc3 Bb4+ 44. Kb2 bxa4 45. c4+ Kc5 46. Re5+ Kb6 47. bxa4 Bd6 48. Re6 Kc5+ 49. Kc3 Rb4 50. Nxd6 cxd6 51. Rxh6 Rxa4 52. Kd3 Rxc4 53. Rg6 Rd4+ 54. Kc2 Rc4+ 55. Kd3 Rd4+ 56. Ke3 Rb4 57. h6 Rb3+ 58. Kf2 Rb2+ 59. Kg3 Rb8 60. Rxg5+ d5 61. h7 Rh8 62. Rg7 a4 63. g5 a3 64. g6 Kb6 65. Rg8 a2 66. Rxh8 a1=Q 67. Rb8+ Ka7 68. h8=Q Qg1+ 69. Kf4 Qc1+ 70. Kf5 Qc2+ 71. Kf6 Qc3+ 72. Kf7 Qxf3+ 73. Qf6 1-0


[Site "http://www.Chess.com"]

[Event "FIDE World Rapid Chess Championship 2021"]
[White "Costachi, Mihnea"]
[Black "Efimenko, Zahar"]
[WhiteFideId "1217518"]
[BlackFideId "14107201"]
[WhiteElo "2443"]
[BlackElo "2609"]
[Result "1/2-1/2"]
[Round "02"]
[TimeControl "900+10"]
[Date "2021.12.26"]
[WhiteClock "0:00:19"]
[BlackClock "0:00:41"]

1. d4 d6 2. c4 e5 3. Nf3 e4 4. Ng5 f5 5. g3 Be7 6. Nh3 Nf6 7. Bg2 c6 8. O-O d5 9. b3 O-O 10. Ba3 Bxa3 11. Nxa3 Na6 12. Qd2 Qe7 13. Nc2 Be6 14. Ne3 g6 15. f3 Rad8 16. c5 Nc7 17. a4 a6 18. Nd1 Kh8 19. b4 Bd7 20. Nc3 Rde8 21. f4 e3 22. Qd3 h6 23. Nd1 Ng4 24. Nb2 Qf6 25. Qc3 Re4 26. Bxe4 fxe4 27. f5 Bxf5 28. Nf4 g5 29. Ng2 Ne6 30. Rad1 Nf2 31. Qxe3 Nxd1 32. Nxd1 Qg7 33. Nc3 Bh3 34. Rxf8+ Qxf8 35. Qd2 Bxg2 36. Kxg2 Qf6 37. e3 Qf3+ 38. Kg1 g4 39. Qe2 Kg7 40. Qxf3 exf3 41. b5 axb5 42. axb5 Kf7 43. b6 Ke8 44. Na2 Kd7 45. Nb4 1/2-1/2


[Site "http://www.Chess.com"]

[Event "FIDE World Rapid Chess Championship 2021"]
[White "Timofeev, Artyom"]
[Black "Vastrukhin, Oleg"]
[WhiteFideId "4140419"]
[BlackFideId "4192770"]
[WhiteElo "2591"]
[BlackElo "2382"]
[Result "0-1"]
[Round "02"]
[TimeControl "900+10"]
[Date "2021.12.26"]
[WhiteClock "0:00:14"]
[BlackClock "0:00:51"]

1. c4 g6 2. Nc3 Bg7 3. g3 c5 4. Bg2 Nc6 5. Nf3 e6 6. d3 Nge7 7. Bf4 d6 8. Qc1 h6 9. O-O b6 10. a3 Bb7 11. Rb1 g5 12. Bd2 Qd7 13. b4 Ng6 14. bxc5 dxc5 15. a4 g4 16. Ne1 h5 17. Ne4 Nd4 18. Qd1 Bc6 19. Bc3 Bxa4 20. Qd2 Bc6 21. e3 f5 22. Ng5 Ne2+ 23. Qxe2 Bxc3 24. Bxc6 Qxc6 25. d4 Bxe1 26. Rfxe1 O-O 27. h4 Rad8 28. Qb2 Qd6 29. Rbd1 Qe7 30. dxc5 bxc5 31. Rxd8 Rxd8 32. Ra1 Rd7 33. Ra6 Rb7 34. Qa1 Nf8 35. Kh2 Qg7 36. Qxg7+ Kxg7 37. Nxe6+ Nxe6 38. Rxe6 a5 39. Ra6 Rb4 40. Rxa5 Rxc4 41. Ra7+ Kf6 42. Ra6+ Ke5 43. Rh6 Rb4 44. Rxh5 c4 45. Rh8 Ke4 46. h5 c3 47. Rc8 Kd3 48. Rd8+ Ke2 49. Rc8 Kd2 50. Rd8+ Kc1 51. h6 Rb6 52. Rh8 c2 53. h7 Kb1 54. Rc8 Rh6+ 55. Kg2 c1=Q 56. h8=Q Qh1# 0-1


[Site "http://www.Chess.com"]

[Event "FIDE World Rapid Chess Championship 2021"]
[White "Sankalp, Gupta"]
[Black "Halkias, Stelios"]
[WhiteFideId "5097010"]
[BlackFideId "4201809"]
[WhiteElo "2266"]
[BlackElo "2576"]
[Result "0-1"]
[Round "02"]
[TimeControl "900+10"]
[Date "2021.12.26"]
[WhiteClock "0:00:44"]
[BlackClock "0:00:31"]

1. e4 c5 2. Nf3 Nc6 3. Bb5 g6 4. O-O Bg7 5. c3 Nf6 6. Re1 O-O 7. d4 d5 8. e5 Ne4 9. Bxc6 bxc6 10. Be3 Rb8 11. b3 f6 12. exf6 exf6 13. dxc5 Bg4 14. Bd4 Rb7 15. h3 Bxf3 16. Qxf3 f5 17. Na3 g5 18. Nc2 f4 19. Qg4 Qe8 20. Bxg7 Rxg7 21. Nd4 Re7 22. Nf5 Re5 23. Rxe4 Rxe4 24. Qxg5+ Qg6 25. Ne7+ Rxe7 26. Qxe7 f3 27. g3 Re8 28. Qd7 Re2 29. a4 Qe4 30. Rf1 h5 31. Qxc6 h4 32. Qc8+ Kh7 33. Qd7+ Kh6 34. Qd6+ Kh7 35. Qd7+ Kh6 36. Qg4 hxg3 37. Qxg3 Rc2 38. c6 Rxc3 39. Qd6+ Kh5 40. Rd1 Rd3 41. Rxd3 Qe1+ 0-1


[Site "http://www.Chess.com"]

[Event "FIDE World Rapid Chess Championship 2021"]
[White "Jumabayev, Rinat"]
[Black "Ivic, Velimir"]
[WhiteFideId "13702661"]
[BlackFideId "950122"]
[WhiteElo "2562"]
[BlackElo "2357"]
[Result "1/2-1/2"]
[Round "02"]
[TimeControl "900+10"]
[Date "2021.12.26"]
[WhiteClock "0:00:41"]
[BlackClock "0:00:26"]

1. d4 Nf6 2. Nf3 g6 3. g3 Bg7 4. Bg2 d5 5. c4 c6 6. O-O O-O 7. Qb3 a5 8. cxd5 a4 9. Qd1 Nxd5 10. h3 c5 11. e4 Nc7 12. d5 a3 13. Nc3 b5 14. Rb1 b4 15. Na4 Ba6 16. Re1 Nd7 17. Be3 axb2 18. Nxc5 Nb5 19. Qb3 Na3 20. Rxb2 Bxb2 21. Qxb2 Nc4 22. Qxb4 Nxe3 23. Rxe3 Rb8 24. Qd4 Rb1+ 25. Kh2 Nxc5 26. Qxc5 Qd6 27. Qxd6 exd6 28. Ra3 Ra8 29. g4 Bb7 30. Rb3 Rxb3 31. axb3 f5 32. gxf5 gxf5 33. Nd4 fxe4 34. Bxe4 Kf7 35. Kg3 Kf6 36. Kf4 Ra2 37. f3 Rd2 38. Nf5 Bxd5 39. Nxd6 Bxb3 40. Nf5 Be6 41. Ng3 h6 42. Nh5+ Kf7 43. Kg3 Rd1 44. Nf4 Bc8 45. Kg2 Kf6 46. h4 Ke5 47. Ng6+ Kd4 48. Kf2 Rh1 49. Kg2 Rd1 50. Kf2 Rd2+ 51. Kg3 Ke3 52. Ne5 Rd1 53. Kg2 h5 54. Nc4+ Kf4 55. Kf2 Be6 56. Na5 Rd2+ 57. Ke1 Rh2 58. Nc6 Ke3 59. Kf1 Rxh4 60. Kg2 Rf4 61. Ne5 Rf8 62. Kg3 Rg8+ 63. Kh4 Kd4 64. Ng6 Bf7 65. Kxh5 Ke3 66. Kg5 Bxg6 67. Bxg6 Kxf3 68. Kf5 Ra8 69. Ke5 Ra5+ 70. Kd4 Kf4 71. Bc2 Ra8 72. Bd3 Rd8+ 73. Kc3 Ke3 74. Bc2 Rc8+ 75. Kb3 Kd2 76. Bf5 Rc5 77. Bg6 Ke3 78. Bh7 Kd4 79. Bg6 Rg5 80. Bh7 Rg3+ 81. Kc2 Rc3+ 82. Kb2 Rh3 83. Bg6 Rg3 84. Bf5 Rg5 85. Bh7 Kc4 86. Be4 Rh5 87. Bg6 Rh2+ 88. Kb1 Kc3 89. Bf5 Rf2 90. Bh7 Rf7 91. Be4 Re7 92. Bf5 Rb7+ 93. Ka2 Rb2+ 94. Ka1 Rf2 95. Bh7 Kd4 1/2-1/2


[Site "http://www.Chess.com"]

[Event "FIDE World Rapid Chess Championship 2021"]
[White "Dvirnyy, Danyyil"]
[Black "Kosakowski, Jakub"]
[WhiteFideId "817570"]
[BlackFideId "1185080"]
[WhiteElo "2550"]
[BlackElo "2304"]
[Result "0-1"]
[Round "02"]
[TimeControl "900+10"]
[Date "2021.12.26"]
[WhiteClock "0:03:24"]
[BlackClock "0:05:29"]

1. e4 c5 2. Nf3 d6 3. d4 cxd4 4. Nxd4 Nf6 5. Nc3 a6 6. Bd3 e5 7. Nde2 Be7 8. O-O Nbd7 9. Ng3 Nc5 10. Be2 O-O 11. Be3 Be6 12. b4 Ncd7 13. Nd5 Bxd5 14. exd5 a5 15. bxa5 Rxa5 16. c4 g6 17. Bh6 Re8 18. Bd2 Ra7 19. Be3 b6 20. Qc2 Nc5 21. Rfb1 Nfd7 22. a4 Bg5 23. Bxg5 Qxg5 24. Ra3 Rea8 25. Rba1 f5 26. Nf1 Qf6 27. f3 e4 28. f4 Qd4+ 29. Kh1 Qf2 30. g3 Rxa4 31. Rxa4 Rxa4 32. Rxa4 Nxa4 33. Qxa4 Qxe2 34. Kg1 e3 0-1


[Site "http://www.Chess.com"]

[Event "FIDE World Rapid Chess Championship 2021"]
[White "Vokhidov, Shamsiddin"]
[Black "Petrovskyi, Vadym"]
[WhiteFideId "14204223"]
[BlackFideId "14165210"]
[WhiteElo "2546"]
[BlackElo "2282"]
[Result "0-1"]
[Round "02"]
[TimeControl "900+10"]
[Date "2021.12.26"]
[WhiteClock "0:06:59"]
[BlackClock "0:11:06"]

1. e4 c5 2. Nf3 d6 3. d4 cxd4 4. Nxd4 Nf6 5. Nc3 a6 6. h3 e5 7. Nb3 h5 8. Bg5 Be7 9. Bc4 Be6 10. Bxe6 fxe6 11. O-O Nbd7 12. Qe2 Qc7 13. Rad1 O-O-O 14. Rd3 Nb6 15. f4 exf4 16. Bxf4 Nbd7 17. Rfd1 Ne5 18. Rg3 h4 19. Rg5 Ne8 20. Nd4 Bxg5 21. Bxg5 Rd7 22. Nxe6 Qc4 23. Qxc4+ Nxc4 24. Nd5 Kb8 25. b3 Ne5 26. c4 Nf6 27. Nc3 Re8 28. Nd4 Nc6 29. Nxc6+ bxc6 30. Bxh4 Nxe4 31. Nxe4 Rxe4 32. Bg3 Kb7 33. Bxd6 c5 34. Rd5 Rd4 35. Rxd4 cxd4 36. c5 Rf7 37. Be5 d3 38. Bc3 Kc6 39. b4 Kb5 40. Be1 Ka4 41. g4 Ka3 42. c6 Kxa2 0-1


[Site "http://www.Chess.com"]

[Event "FIDE World Rapid Chess Championship 2021"]
[White "Kobalia, Mikhail"]
[Black "Toczek, Grzegorz"]
[WhiteFideId "4119150"]
[BlackFideId "1106457"]
[WhiteElo "2543"]
[BlackElo "2220"]
[Result "1-0"]
[Round "02"]
[TimeControl "900+10"]
[Date "2021.12.26"]
[WhiteClock "0:05:19"]
[BlackClock "0:01:03"]

1. e4 c5 2. Nf3 d6 3. d4 cxd4 4. Nxd4 Nf6 5. Nc3 Nc6 6. Bg5 g6 7. Bxf6 exf6 8. Bb5 Bd7 9. Nde2 Be7 10. Qd2 O-O 11. Nd5 f5 12. exf5 Bxf5 13. Nxe7+ Qxe7 14. O-O Qe5 15. Nc3 Nd4 16. Rfe1 Qc5 17. Ba4 b5 18. Bb3 Bxc2 19. Bxc2 Nxc2 20. Ne4 Qc6 21. Rac1 Rac8 22. Re2 d5 23. Ng3 Qa6 24. Rxc2 Rxc2 25. Qxc2 Qxa2 26. h4 Qc4 27. h5 a5 28. Qd2 a4 29. Nf5 gxf5 30. Qg5+ Kh8 31. Qf6+ Kg8 32. Re3 1-0


[Site "http://www.Chess.com"]

[Event "FIDE World Rapid Chess Championship 2021"]
[White "Harikrishna, Pentala"]
[Black "Babazada, Khazar"]
[WhiteFideId "5007003"]
[BlackFideId "13413554"]
[WhiteElo "2705"]
[BlackElo "2170"]
[Result "1-0"]
[Round "02"]
[TimeControl "900+10"]
[Date "2021.12.26"]
[WhiteClock "0:00:54"]
[BlackClock "0:01:33"]

1. d4 Nf6 2. c4 g6 3. Nc3 Bg7 4. e4 d6 5. Nf3 O-O 6. Be2 Na6 7. O-O e5 8. Be3 exd4 9. Nxd4 Re8 10. f3 Bd7 11. Qd2 Nc5 12. Rad1 a5 13. Kh1 Ne6 14. Nxe6 Bxe6 15. Bd4 h5 16. f4 Bg4 17. Bxg4 hxg4 18. Rde1 Nh5 19. Bxg7 Kxg7 20. g3 c6 21. Nd1 Qd7 22. Nf2 f5 23. Qd4+ Kh7 24. Kg1 Rad8 25. Re3 Qg7 26. Qd2 g5 27. exf5 gxf4 28. Re6 fxg3 29. Ne4 gxh2+ 30. Qxh2 Rxe6 31. fxe6 Qd4+ 32. Rf2 Kg6 33. Qg2 g3 34. Nxg3 Nf4 35. Ne2+ Nxg2 36. Nxd4 Ne3 37. Rf7 Re8 38. Rxb7 c5 39. Ne2 Kf5 40. b3 Rxe6 41. Nc3 Ng4 42. Kf1 Kf4 43. Nd5+ Kg3 44. Re7 Nh2+ 45. Kg1 Nf3+ 46. Kf1 Nh2+ 1-0


[Site "http://www.Chess.com"]